Map: Orbital Shipyard

Players

MorN - Winner!

  • Race: Terran Terran
  • League: Master

Apocalypse

  • Race: Protoss Protoss
  • League: Master

VOD

Have the link to the VOD?

Description

Time

  • Played on: Dec. 6, 2015, 6:08 p.m.
  • Length: 10:00
Show
View Real Time Build Order
Export as new Build Order

MorN Terran - Winner!

Build Orders: Reaper Expand, MMM Bio 

Get SALT Encoding   

  12  0:00  SCV  
  13  0:13  SCV  
  14  0:17  Supply Depot  
  14  0:25  SCV  
  15  0:39  SCV  
  15  0:40  Barracks  
  16  0:43  Refinery  
  16  0:51  SCV  
  17  1:03  SCV  
  18  1:15  SCV  
  19  1:29  Orbital Command  
  19  1:30  Reaper  
  20  1:40  Command Center  
  20  1:52  Supply Depot  
  20  1:54  SCV  
  21  2:10  SCV  
  21  2:11  Barracks Reactor  
  21  2:12  Barracks  
  22  2:18  Barracks  
  22  2:22  SCV  
  23  2:41  SCV  
  24  2:48  Marine x2  
  24  2:49  Factory  
  26  2:52  Orbital Command  
  26  2:54  SCV  
  27  3:01  Barracks Tech Lab  
  27  3:06  SCV, Refinery  
  27  3:07  Marine  
  27  3:08  Marine  
  27  3:11  Marine  
  31  3:18  SCV  
  32  3:28  Stimpack, Marine x3  
  32  3:29  Marine  
  32  3:30  SCV x2  
  38  3:42  SCV  
  38  3:43  SCV  
  38  3:45  Starport  
  38  3:47  Marine  
  41  3:49  Marine  
  41  3:50  Supply Depot  
  41  3:51  Factory Reactor  
  41  3:54  SCV  
  41  3:55  SCV  
  44  3:58  Marine x2  
  46  4:11  Supply Depot  
  46  4:12  SCV, Supply Depot, Marine x2  
  49  4:17  SCV  
  50  4:24  SCV  
  50  4:26  Refinery  
  50  4:29  SCV  
  50  4:30  Marauder  
  54  4:33  Medivac  
  54  4:35  Medivac  
  54  4:36  SCV  
  58  4:41  SCV  
  58  4:42  Supply Depot, Marine x2  
  58  4:43  Marine  
  62  4:46  Factory Reactor  
  62  4:48  SCV  
  62  4:51  Marine  
  64  4:53  SCV  
  65  5:05  Supply Depot  
  65  5:08  Marine x3  
  65  5:09  Medivac  
  65  5:14  Marauder  
  66  5:26  Marine x3  
  65  5:29  SCV x2  
  65  5:34  Marine  
  62  5:41  SCV x2  
  60  5:43  Marine  
  60  5:44  Marine x2  
  55  5:52  Marine  
  51  5:58  Widow Mine x2  
  51  6:01  Marine x2  
  51  6:02  Marine  
  58  6:06  Command Center  
  58  6:11  Marauder  
  58  6:19  Marine  
  58  6:21  Marine x2  
  58  6:23  SCV x2  
  63  6:31  Marine  
  64  6:37  Marine  
  62  6:51  Marine x2  
  62  6:55  Widow Mine x2, Marine  
  62  6:56  Medivac x2  
  62  7:00  Combat Shields, Barracks Tech Lab  
  70  7:09  SCV x2, Marine  
  70  7:10  Marauder  
  70  7:12  Supply Depot  
  75  7:17  Engineering Bay  
  75  7:21  SCV, Engineering Bay, Orbital Command  
  76  7:23  Widow Mine  
  76  7:25  Marine x2  
  80  7:30  Marine  
  80  7:31  Marauder  
  83  7:37  Concussive Shells  
  83  7:38  Medivac  
  83  7:43  Marine x2  
  83  7:52  Marauder  
  83  7:54  Orbital Command  
  79  7:59  Marine  
  79  8:00  Marine, Widow Mine x2  
  79  8:01  Marauder  
  79  8:02  SCV x2  
  89  8:06  Terran Infantry Weapons Level 1, Terran Infantry Armor Level 1  
  89  8:14  SCV, Marauder  
  89  8:17  Marine  
  89  8:18  Medivac, Marine  
  89  8:19  SCV x2  
  98  8:23  Marauder  
  98  8:26  SCV  
  101  8:31  SCV  
  99  8:45  Marine x2  
  99  8:46  Marauder, Marine  
  102  8:51  Widow Mine x2  
  102  8:54  SCV x3  
  102  8:55  Barracks  
  109  8:57  Refinery, Barracks  
  109  8:59  Refinery  
  108  9:03  Marine  
  108  9:08  Marine  
  109  9:11  SCV  
  109  9:12  Marine  
  109  9:17  Supply Depot  
  109  9:18  Supply Depot, Marauder  
  109  9:19  Supply Depot  
  109  9:28  Marine x2  
  109  9:29  SCV  
  109  9:34  Marauder  
  107  9:39  Marine  
  107  9:43  SCV x2, Armory  
  119  9:58  Barracks Tech Lab  
Show
View Real Time Build Order
Export as new Build Order

Apocalypse Protoss 

Build Orders: 1 Gate Expand 

Get SALT Encoding   

  12  0:01  Probe (Chrono Boost)  
  13  0:11  Probe (Chrono Boost)  
  14  0:18  Pylon  
  14  0:22  Probe (Chrono Boost)  
  15  0:36  Probe (Chrono Boost)  
  15  0:38  Gateway  
  16  0:43  Assimilator  
  16  0:47  Probe (Chrono Boost)  
  17  0:57  Probe (Chrono Boost)  
  18  1:08  Probe (Chrono Boost)  
  20  1:18  Probe (Chrono Boost)  
  20  1:24  Nexus  
  20  1:29  Probe (Chrono Boost)  
  21  1:36  Cybernetics Core  
  21  1:39  Probe (Chrono Boost)  
  22  1:46  Pylon  
  22  1:50  Probe (Chrono Boost)  
  23  1:55  Assimilator  
  23  2:04  Probe (Chrono Boost)  
  24  2:12  Adept  
  24  2:13  Warp Gate  
  28  2:15  Mothership Core (Chrono Boost)  
  28  2:27  Forge  
  28  2:34  Probe (Chrono Boost)  
  29  2:41  Probe (Chrono Boost)  
  31  2:44  Probe (Chrono Boost)  
  31  2:47  Robotics Facility  
  31  2:53  Probe (Chrono Boost)  
  31  2:55  Probe (Chrono Boost)  
  35  2:58  Adept  
  35  3:04  Protoss Ground Armor Level 1 (Chrono Boost)  
  35  3:07  Probe  
  35  3:09  Probe  
  37  3:19  Probe  
  38  3:20  Probe  
  38  3:25  Adept  
  40  3:32  Probe  
  41  3:40  Probe, Warp Prism  
  43  3:44  Probe, Pylon  
  43  3:46  Assimilator  
  43  3:47  Assimilator  
  45  3:52  Probe  
  46  4:02  Probe, Adept  
  49  4:09  Probe  
  48  4:14  Probe  
  50  4:18  Observer (Chrono Boost)  
  50  4:19  Probe  
  52  4:27  Probe  
  52  4:30  Probe  
  53  4:32  Nexus  
  53  4:36  Pylon  
  54  4:39  Pylon  
  54  4:55  Immortal (Chrono Boost)  
  58  5:02  Probe  
  58  5:03  Gateway  
  58  5:04  Probe  
  58  5:05  Gateway  
  58  5:06  Sentry  
  62  5:07  Pylon  
  62  5:13  Probe  
  62  5:16  Probe  
  64  5:31  Probe  
  64  5:33  Probe  
  64  5:36  Sentry  
  64  5:38  Immortal (Chrono Boost)  
  68  5:57  Probe, Protoss Ground Weapons Level 1 (Chrono Boost)  
  68  5:59  Probe  
  68  6:01  Twilight Council  
  68  6:03  Probe  
  70  6:08  Probe  
  70  6:09  Pylon x2  
  70  6:11  Pylon  
  72  6:19  Immortal, Probe  
  72  6:22  Pylon  
  72  6:24  Pylon  
  72  6:25  Probe  
  77  6:28  Stalker x3  
  84  6:56  Stalker x3, Probe x2  
  84  6:58  Probe  
  84  7:00  Assimilator  
  93  7:04  Gateway, Assimilator  
  93  7:05  Blink (Chrono Boost)  
  93  7:06  Gateway  
  93  7:09  Gateway  
  93  7:11  Gateway  
  93  7:13  Gateway  
  93  7:16  Gateway  
  93  7:17  Probe  
  93  7:18  Probe x2  
  96  7:25  Robotics Bay  
  96  7:26  Pylon  
  96  7:29  Pylon  
  96  7:34  Protoss Ground Armor Level 2  
  96  7:37  Probe x2  
  96  7:41  Adept x2  
  96  7:42  Probe, Adept  
  105  7:49  Templar Archives, Probe x2  
  107  7:53  Probe  
  97  8:01  Probe x2, Observer  
  100  8:06  Stalker x2  
  100  8:07  Stalker  
  106  8:13  Psionic Storm  
  106  8:14  Gravitic Drive  
  106  8:16  Adept  
  106  8:17  Adept x3  
  114  8:21  Disruptor  
  114  8:24  Gateway  
  117  8:46  Adept x3  
  117  8:47  Adept x2  
  123  9:09  Disruptor  
  124  9:15  Probe  
  125  9:18  Probe  
  124  9:48  Adept x2  
Tags
 
Add a new tag
Caveats
  • Supply blocks, unpowered buildings, or Contaminate may cause inaccurate times.
  • Supply counts are checked every 10 seconds.